Map: [ESL] Hard Lead

Players

Bunny

  • Race: Terran Terran
  • Spawn Location: 5:00

Cure - Winner!

  • Race: Terran Terran
  • Spawn Location: 11:00

Event: IEM Katowice 2024

VOD

Have the link to the VOD?

Description

Time

  • Played on: Feb. 9, 2024, 5:16 a.m.
  • Length: 7:19

All games in this series

Show
View Real Time Build Order
Export as new Build Order

Bunny Terran 

Build Orders: Cyclone Opening 

Get SALT Encoding   

  12  0:00  SCV  
  13  0:12  SCV  
  14  0:16  Supply Depot  
  14  0:24  SCV  
  15  0:38  SCV  
  15  0:39  Barracks  
  15  0:42  Refinery  
  16  0:50  SCV  
  16  0:52  Refinery  
  17  1:02  SCV  
  18  1:14  SCV  
  19  1:26  Orbital Command, Reaper  
  19  1:29  Supply Depot  
  20  1:40  Factory  
  20  1:52  SCV  
  21  1:58  Barracks Reactor  
  21  2:04  SCV  
  21  2:06  Marine  
  23  2:16  SCV  
  24  2:24  Hellion, Marine  
  24  2:28  SCV  
  26  2:40  SCV  
  26  2:41  Command Center  
  27  2:45  Cyclone  
  27  2:49  Supply Depot  
  29  2:51  Barracks Reactor  
  29  2:54  SCV  
  30  3:03  Starport  
  30  3:06  SCV  
  31  3:18  SCV  
  31  3:19  Factory Tech Lab  
  32  3:27  Marine  
  32  3:28  Marine  
  32  3:30  SCV  
  35  3:35  Supply Depot  
  35  3:38  Siege Tank  
  38  3:42  SCV  
  38  3:45  Marine  
  39  3:52  Medivac, Marine  
  39  3:54  SCV  
  43  4:06  SCV  
  43  4:08  Marine  
  45  4:10  Siege Tank, Marine  
  45  4:15  Orbital Command  
  49  4:18  SCV  
  49  4:24  Starport Tech Lab  
  50  4:30  SCV  
  51  4:36  Command Center  
  51  4:43  SCV  
  51  4:45  SCV  
  51  4:47  Raven  
  51  4:48  Refinery  
  51  4:49  Marine  
  51  4:52  Marine  
  55  4:55  SCV  
  55  4:58  Cyclone  
  55  4:59  SCV  
  57  5:06  Interference Matrix  
  55  5:07  SCV  
  55  5:09  Marine  
  55  5:10  Marine  
  55  5:19  SCV x2  
  54  5:28  Viking  
  48  5:36  SCV x2  
  37  5:50  SCV  
  37  5:53  Marine  
  37  5:54  Marine  
  36  5:59  SCV  
  36  6:02  SCV  
  38  6:05  Siege Tank  
  38  6:11  SCV  
  42  6:13  Marine x2  
  42  6:14  SCV  
  45  6:23  SCV  
  45  6:26  SCV  
  45  6:31  Marine x2  
  42  6:37  Siege Tank  
  42  6:38  SCV x2  
  38  6:49  Marine x2  
  38  6:50  SCV x2  
  34  7:02  SCV  
  34  7:03  SCV  
Show
View Real Time Build Order
Export as new Build Order

Cure Terran - Winner!

Build Orders:  

Get SALT Encoding   

  12  0:00  SCV  
  13  0:12  SCV  
  14  0:17  Supply Depot  
  14  0:24  SCV  
  15  0:39  Barracks  
  15  0:41  Refinery  
  15  0:54  Barracks  
  15  0:58  SCV  
  16  1:05  Refinery  
  16  1:10  SCV  
  17  1:26  Reaper  
  17  1:30  Orbital Command  
  18  1:41  Reaper  
  19  1:50  Supply Depot  
  19  1:55  SCV  
  19  1:58  Reaper  
  22  2:08  SCV  
  22  2:13  Reaper  
  23  2:20  SCV  
  24  2:25  Factory  
  24  2:32  SCV, Reaper  
  25  2:44  SCV  
  26  3:00  SCV  
  26  3:05  Command Center  
  27  3:08  Factory Reactor  
  27  3:14  SCV  
  28  3:20  Supply Depot  
  28  3:22  Starport  
  28  3:26  SCV  
  29  3:38  SCV  
  30  3:45  Cyclone x2  
  34  3:50  SCV  
  35  4:00  Medivac, Refinery  
  38  4:02  SCV  
  38  4:15  Barracks Tech Lab, SCV  
  39  4:17  Orbital Command  
  39  4:19  Cyclone  
  39  4:20  Cyclone  
  43  4:27  SCV  
  44  4:32  Supply Depot  
  44  4:39  SCV  
  44  4:44  SCV  
  46  4:47  Raven, Interference Matrix  
  46  4:51  SCV  
  49  4:54  Cyclone x2  
  49  4:57  SCV  
  53  5:03  SCV  
  54  5:10  Supply Depot, SCV  
  55  5:15  SCV  
  55  5:16  Marine  
  56  5:26  Cyclone x2  
  56  5:27  SCV  
  55  5:45  Marine  
  55  5:46  Raven  
  55  5:47  SCV  
  44  5:55  Command Center  
  44  5:58  Cyclone  
  44  6:00  Cyclone  
  48  6:07  Marine  
  48  6:10  Supply Depot  
  49  6:12  SCV  
  50  6:29  SCV  
  50  6:32  Raven  
  47  6:41  SCV  
  48  6:53  SCV  
  53  6:59  Marine  
  53  7:05  SCV  

Tags
 
Add a new tag
Caveats
  • Supply blocks, unpowered buildings, or Contaminate may cause inaccurate times.
  • Supply counts are checked every 10 seconds.